 Dungeon Crawl Stone Soup version 0.18.1-48-g4cf74bf (webtiles) character file.

22 grulito the Charmwright (level 2, -3/23 HPs)
             Began as a Merfolk Skald on June 29, 2016.
             Slain by a giant gecko (4 damage)
             ... on level 1 of the Dungeon.
             The game lasted 00:04:18 (929 turns).

grulito the Charmwright (Merfolk Skald)              Turns: 929, Time: 00:04:19

Health: -3/23      AC:  4    Str: 12    XL:     2   Next: 91%
Magic:  5/5        EV: 11    Int: 11    God:
Gold:   33         SH:  0    Dex: 13    Spells: 2 memorised, 2 levels left

rFire  . . .     SeeInvis .     k - -3 dagger (curse)
rCold  . . .     Gourm    .     g - +1 leather armour {rPois}
rNeg   . . .     Faith    .     (no shield)
rPois  +         Spirit   .     (no helmet)
rElec  .         Dismiss  .     (no cloak)
rCorr  .         Reflect  .     (no gloves)
SustAt .         Harm     .     (no boots)
MR     .....                    (no amulet)
Stlth  +.........               (no ring)
                                (no ring)

@: drained, not resistant to hostile enchantments, very unstealthy
A: change form in water, swift swim
a: no special abilities


You were on level 1 of the Dungeon.
You were not hungry.

You visited 1 branch of the dungeon, and saw 1 of its levels.

You collected 33 gold pieces.

Inventory:

Hand Weapons
 a - a +0 short sword
 k - a cursed -3 dagger (weapon)
Armour
 g - a +1 leather armour of poison resistance (worn)
Potions
 b - a potion of haste {unknown}
 e - 2 potions of brilliance
 f - 2 potions of curing {unknown}
 h - a potion of heal wounds {unknown}
Books
 c - a book of Battle

   Spells                             Type                      Level
   a - Infusion                       Charms                       1
   b - Shroud of Golubria             Charms/Translocation         2
   c - Song of Slaying                Charms                       2
   d - Spectral Weapon                Hexes/Charms                 3
   e - Regeneration                   Charms/Necromancy            3
Comestibles
 d - 2 bread rations
 i - a meat ration


   Skills:
 * Level 2.5(1.7) Fighting
 * Level 3.2(2.3) Short Blades
 - Level 0.6(0.0) Armour
 * Level 2.3(1.5) Dodging
 - Level 2.0(1.1) Spellcasting
 + Level 3.2(2.4) Charms


You had 2 spell levels left.
You knew the following spells:

 Your Spells              Type           Power        Failure   Level  Hunger
a - Infusion              Chrm           #...         17%         1    ##.....
b - Shroud of Golubria    Chrm/Tloc      #.........   45%         2    ###....


Dungeon Overview and Level Annotations

Branches:
Dungeon (1/15)

Altars:


Message History

The giant gecko bites you.
* * * LOW HITPOINT WARNING * * *
The jackal barely misses you. The rat closely misses you.
You barely miss the giant gecko.
The jackal bites you but does no damage.
The giant gecko closely misses you.
The jackal bites you but does no damage.
The rat barely misses you.
You closely miss the giant gecko. The giant gecko barely misses you.
The jackal misses you.
You miss the giant gecko. The giant gecko barely misses you. The rat bites you.
* * * LOW HITPOINT WARNING * * *
The jackal bites you but does no damage.
You barely miss the giant gecko. The giant gecko completely misses you.
The jackal barely misses you. The rat barely misses you.
The giant gecko bites you but does no damage.
You barely miss the jackal.
The jackal bites you but does no damage.
The rat barely misses you. The giant gecko bites you.
You die...

## .################
................#############
..#############.............#####
...##### ######.######......
##†....# ##.# ##.###. ##.....#
###>.# #.##..
.......##########....#######.#...
...............h@l...............
...............r###..######..#...
##########.###.(###..###≈≈≈≈≈≈§§≈
,**###**##......(.....).≈8≈≈§≈≈≈8
,*,.....#(.(())..#...)).§≈8≈≈≈≈8≈
,*,........###...(.....§≈≈≈####≈≈
**,.....##.# #.).......§≈≈≈'.<#≈≈
**##.##*#.# #..........≈≈≈'..#§§
#,####.###......#...≈≈≈####≈≈


You could see a giant gecko, a jackal and a rat.

Vanquished Creatures
  A dart slug (D:1)
  A bat (D:1)
  A giant cockroach (D:1)
  4 goblins (D:1)
  A jackal (D:1)
  A giant newt (D:1)
  7 kobolds (D:1)
  2 rats (D:1)
18 creatures vanquished.

Notes
Turn   | Place    | Note
--------------------------------------------------------------
     0 | D:1      | grulito the Merfolk Skald began the quest for the Orb.
     0 | D:1      | Reached XP level 1. HP: 16/16 MP: 3/3
    95 | D:1      | Reached XP level 2. HP: 12/23 MP: 5/5
   500 | D:1      | Learned a level 2 spell: Shroud of Golubria
   927 | D:1      | HP: 1/23 [rat (2)]
   929 | D:1      | Slain by a giant gecko

Skill      XL: |  1  2 |
---------------+-------+-----
Short Blades   | 3 |  3.2
Dodging        | 2 |  2.3
Fighting       | |  2.5
Armour         | |  0.6
Spellcasting   | |  2.0
Charms         | |  3.2

Action                   || total
-------------------------++-------
Melee: Short sword       ||    49
       Dagger            ||    72
       Tailslap          ||     2
  Use: Scroll            ||     2
Armor: Leather armour    ||    53
Dodge: Dodged            ||   124
